TOP OF THE 1ST |
Westwood Sixshooters batting - Pitching for Lancaster Farmers : RHP Roberto Cantú
|
Pitching: RHP Roberto Cantú
|
|
Batting: RHB Manuel Becerra
|
0-0: Ball 1-0: Ball 2-0: Ball 3-0: Base on Balls
|
Batting: SHB Tim Moss
|
0-0: Ball 1-0: Ground out 4-3 (Groundball, 4M) Manuel Becerra to second
|
Batting: RHB Wes Shannon
|
0-0: Ball 1-0: Foul Ball, location: 2F 1-1: Ball 2-1: Foul Ball, location: 2F 2-2: Foul Ball, location: 2F 2-2: Fly out, F7 (Flyball, 7M)
|
Batting: RHB Ronnie Cleveland
|
0-0: Ball 1-0: Called Strike 1-1: Swinging Strike 1-2: Foul Ball, location: 2F 1-2: Ball 2-2: Foul Ball, location: 2F 2-2: Ball 3-2: Ground out 5-3 (Groundball, 56)
|
Top of the 1st over - 0 run(s), 0 hit(s), 0 error(s), 1 left on base; Westwood 0 - Lancaster 0 |
BOTTOM OF THE 1ST |
Lancaster Farmers batting - Pitching for Westwood Sixshooters : RHP Jorge Carrión
|
Pitching: RHP Jorge Carrión
|
|
Batting: RHB Bronson Nicholls
|
0-0: Ball 1-0: Bunted foul 1-1: Ball 2-1: SINGLE (Line Drive, 4M)
|
Batting: RHB Eric Howard
|
0-0: Ball 1-0: Ball 2-0: Swinging Strike 2-1: Ball 3-1: SINGLE (Groundball, 34D) Bronson Nicholls to second Runner from 2nd tries for 3rd, SAFE, no throw or cutoff
|
Batting: RHB Fred Meyer
|
0-0: Ball 1-0: Ball 2-0: Swinging Strike 2-1: Fly out, F9 (Flyball, 9M) Runner from 3rd tags up, SCORES, no throw
|
Batting: LHB Rob Wilson
|
0-0: Called Strike 0-1: Ball 1-1: Ball 2-1: Called Strike 2-2: Foul Ball, location: 2F 2-2: Strikes out swinging
|
Batting: RHB Chuck Wolf
|
0-0: Called Strike 0-1: Foul Ball, location: 2F 0-2: Strikes out looking
|
Bottom of the 1st over - 1 run(s), 2 hit(s), 0 error(s), 1 left on base; Westwood 0 - Lancaster 1 |
TOP OF THE 2ND |
Westwood Sixshooters batting - Pitching for Lancaster Farmers : RHP Roberto Cantú
|
Batting: LHB Brian Boone
|
0-0: Ball 1-0: Ground out 4-3 (Groundball, 4)
|
Batting: RHB Aurelio García
|
0-0: Ball 1-0: Called Strike 1-1: Foul Ball, location: 2F 1-2: Foul Ball, location: 2F 1-2: Ball 2-2: Strikes out swinging
|
Batting: RHB Winston Sparks
|
0-0: Ball 1-0: Foul Ball, location: 2F 1-1: Ball 2-1: Fly out, F6 (Popup, 56D)
|
Top of the 2nd over - 0 run(s), 0 hit(s), 0 error(s), 0 left on base; Westwood 0 - Lancaster 1 |
BOTTOM OF THE 2ND |
Lancaster Farmers batting - Pitching for Westwood Sixshooters : RHP Jorge Carrión
|
Batting: SHB Jim Henderson
|
0-0: Ball 1-0: Foul Ball, location: 2F 1-1: Ball 2-1: Ball 3-1: Base on Balls
|
Batting: RHB Alan Potts
|
0-0: Reached on error, E5 (Groundball, 56) Jim Henderson to second
|
Batting: LHB Juan Durán
|
0-0: Ball 1-0: Ball 2-0: Called Strike 2-1: Called Strike 2-2: Fly out, F8 (Flyball, 8LS)
|
Batting: RHB Carl Bryant
|
0-0: Ball 1-0: SINGLE (Flyball, 7LM) Jim Henderson to third Alan Potts to second Runner from 3rd tries for Home, throw and OUT! Alan Potts to third Carl Bryant to second
|
Batting: RHB Bronson Nicholls
|
0-0: Ground out 2-3 (Groundball, 2R)
|
Bottom of the 2nd over - 0 run(s), 1 hit(s), 1 error(s), 2 left on base; Westwood 0 - Lancaster 1 |
TOP OF THE 3RD |
Westwood Sixshooters batting - Pitching for Lancaster Farmers : RHP Roberto Cantú
|
Now at SS: Jim Unknown
|
|
Batting: RHB Richard Hicks
|
0-0: Ball 1-0: Ball 2-0: Called Strike 2-1: SINGLE (Line Drive, 89S)
|
Batting: RHB Floyd Banks
|
0-0: Called Strike 0-1: Ball 1-1: Ball 2-1: Called Strike 2-2: Fly out, F8 (Flyball, 8LM)
|
Batting: RHB Manuel Becerra
|
0-0: Ball 1-0: Ball 2-0: Foul Ball, location: 2F 2-1: Foul Ball, location: 2F 2-2: Ball 3-2: Base on Balls Richard Hicks to second
|
Batting: SHB Tim Moss
|
0-0: Called Strike 0-1: Foul Ball, location: 2F 0-2: Grounds into double play, 1-6-3 (Groundball, 15S)
|
Top of the 3rd over - 0 run(s), 1 hit(s), 0 error(s), 1 left on base; Westwood 0 - Lancaster 1 |
BOTTOM OF THE 3RD |
Lancaster Farmers batting - Pitching for Westwood Sixshooters : RHP Jorge Carrión
|
Batting: RHB Eric Howard
|
0-0: Swinging Strike 0-1: Ball 1-1: Ball 2-1: Called Strike 2-2: SINGLE (Groundball, 34)
|
Batting: RHB Fred Meyer
|
0-0: Called Strike 0-1: Ball 1-1: Ball 2-1: Called Strike 2-2: Strikes out looking
|
Batting: LHB Rob Wilson
|
0-0: Called Strike 0-1: Ball 1-1: Foul Ball, location: 2F 1-2: Ball 2-2: Strikes out swinging
|
Batting: RHB Chuck Wolf
|
0-0: Ball 1-0: Swinging Strike 1-1: Called Strike 1-2: SINGLE (Line Drive, 8RS) Eric Howard to second
|
Batting: RHB Jim Unknown
|
0-0: Ball 1-0: Fly out, F9 (Flyball, 89S)
|
Bottom of the 3rd over - 0 run(s), 2 hit(s), 0 error(s), 2 left on base; Westwood 0 - Lancaster 1 |
TOP OF THE 4TH |
Westwood Sixshooters batting - Pitching for Lancaster Farmers : RHP Roberto Cantú
|
Batting: RHB Wes Shannon
|
0-0: Called Strike 0-1: Swinging Strike 0-2: Foul Ball, location: 2F 0-2: DOUBLE (Line Drive, 8LM)
|
Batting: RHB Ronnie Cleveland
|
0-0: Ball 1-0: Called Strike 1-1: Called Strike 1-2: Ball 2-2: Strikes out swinging
|
Batting: LHB Brian Boone
|
0-0: Foul Ball, location: 2F 0-1: Ball 1-1: Ground out 4-3 (Groundball, 4) Wes Shannon to third
|
Batting: RHB Aurelio García
|
0-0: Called Strike 0-1: Called Strike 0-2: Strikes out swinging
|
Top of the 4th over - 0 run(s), 1 hit(s), 0 error(s), 1 left on base; Westwood 0 - Lancaster 1 |
BOTTOM OF THE 4TH |
Lancaster Farmers batting - Pitching for Westwood Sixshooters : RHP Jorge Carrión
|
Batting: RHB Alan Potts
|
0-0: Called Strike 0-1: Foul Ball, location: 2F 0-2: Foul Ball, location: 2F 0-2: Strikes out looking
|
Batting: LHB Juan Durán
|
0-0: Ball 1-0: Ball 2-0: Called Strike 2-1: Ball 3-1: Base on Balls
|
Batting: RHB Carl Bryant
|
0-0: Called Strike 0-1: Ball 1-1: Called Strike 1-2: Strikes out swinging
|
Batting: RHB Bronson Nicholls
|
0-0: Ball 1-0: Ball Juan Durán is caught stealing 2nd base
|
Bottom of the 4th over - 0 run(s), 0 hit(s), 0 error(s), 0 left on base; Westwood 0 - Lancaster 1 |
TOP OF THE 5TH |
Westwood Sixshooters batting - Pitching for Lancaster Farmers : RHP Roberto Cantú
|
Batting: RHB Winston Sparks
|
0-0: Ball 1-0: DOUBLE (Line Drive, 78M)
|
Batting: RHB Richard Hicks
|
0-0: Ball 1-0: Ball 2-0: Called Strike 2-1: Swinging Strike 2-2: Ground out 4-3 (Groundball, 4) Winston Sparks to third
|
Batting: RHB Floyd Banks
|
0-0: Foul Ball, location: 2F 0-1: Ball 1-1: Ball 2-1: Called Strike 2-2: Strikes out swinging
|
Batting: RHB Manuel Becerra
|
0-0: Foul Ball, location: 2F 0-1: Ball 1-1: Ball 2-1: Foul Ball, location: 2F 2-2: Foul Ball, location: 2F 2-2: Foul Ball, location: 2F 2-2: Ground out 6-3 (Groundball, 56)
|
Top of the 5th over - 0 run(s), 1 hit(s), 0 error(s), 1 left on base; Westwood 0 - Lancaster 1 |
BOTTOM OF THE 5TH |
Lancaster Farmers batting - Pitching for Westwood Sixshooters : RHP Jorge Carrión
|
Batting: RHB Bronson Nicholls
|
0-0: Swinging Strike 0-1: Ground out 1-3 (Groundball, 23)
|
Batting: RHB Eric Howard
|
0-0: Ball 1-0: Called Strike 1-1: Called Strike 1-2: Ball 2-2: Ground out 6-3 (Groundball, 6)
|
Batting: RHB Fred Meyer
|
0-0: Called Strike 0-1: Foul Ball, location: 2F 0-2: Foul Ball, location: 2F 0-2: Foul Ball, location: 2F 0-2: Foul Ball, location: 2F 0-2: Ball 1-2: Ball 2-2: Ball 3-2: DOUBLE (Line Drive, 89D)
|
Batting: LHB Rob Wilson
|
0-0: Ball 1-0: Ball 2-0: Ball 3-0: Called Strike 3-1: Called Strike 3-2: Strikes out swinging
|
Bottom of the 5th over - 0 run(s), 1 hit(s), 0 error(s), 1 left on base; Westwood 0 - Lancaster 1 |
TOP OF THE 6TH |
Westwood Sixshooters batting - Pitching for Lancaster Farmers : RHP Roberto Cantú
|
Batting: SHB Tim Moss
|
0-0: Swinging Strike 0-1: Ball 1-1: Ball 2-1: Swinging Strike 2-2: Strikes out swinging
|
Batting: RHB Wes Shannon
|
0-0: Called Strike 0-1: Ball 1-1: Ball 2-1: Foul Ball, location: 2F 2-2: Foul Ball, location: 2F 2-2: Ground out 4-3 (Groundball, 4M)
|
Batting: RHB Ronnie Cleveland
|
0-0: Ball 1-0: Fly out, F9 (Flyball, 89XD)
|
Top of the 6th over - 0 run(s), 0 hit(s), 0 error(s), 0 left on base; Westwood 0 - Lancaster 1 |
BOTTOM OF THE 6TH |
Lancaster Farmers batting - Pitching for Westwood Sixshooters : RHP Jorge Carrión
|
Batting: RHB Chuck Wolf
|
0-0: Ball 1-0: Ball 2-0: Called Strike 2-1: Ground out 5-3 (Groundball, 56)
|
Batting: RHB Jim Unknown
|
0-0: Ball 1-0: Ball 2-0: Called Strike 2-1: Foul Ball, location: 2F 2-2: Foul Ball, location: 2F 2-2: SINGLE (Flyball, 89S)
|
Pitching: RHP John Tanner
|
|
Batting: RHB Alan Potts
|
0-0: 2-RUN HOME RUN (Flyball, 8LXD), Distance : 445 ft
|
Batting: LHB Juan Durán
|
0-0: Ball 1-0: Called Strike 1-1: Ball 2-1: Foul Ball, location: 2F 2-2: Strikes out looking
|
Batting: RHB Carl Bryant
|
0-0: Called Strike 0-1: Ball 1-1: Ball 2-1: Foul Ball, location: 2F 2-2: Fly out, F4 (Popup, 4MD)
|
Bottom of the 6th over - 2 run(s), 2 hit(s), 0 error(s), 0 left on base; Westwood 0 - Lancaster 3 |
TOP OF THE 7TH |
Westwood Sixshooters batting - Pitching for Lancaster Farmers : RHP Roberto Cantú
|
Pitching: LHP Will Clark
|
|
Batting: LHB Brian Boone
|
0-0: Ball 1-0: Ground out 1-3 (Groundball, 15)
|
Batting: RHB Aurelio García
|
0-0: Called Strike 0-1: Ball 1-1: Ground out 6-3 (Groundball, 6)
|
Batting: RHB Winston Sparks
|
0-0: Ball 1-0: Ground out 5-3 (Groundball, 5)
|
Top of the 7th over - 0 run(s), 0 hit(s), 0 error(s), 0 left on base; Westwood 0 - Lancaster 3 |
BOTTOM OF THE 7TH |
Lancaster Farmers batting - Pitching for Westwood Sixshooters : RHP John Tanner
|
Batting: RHB Bronson Nicholls
|
0-0: TRIPLE (Flyball, 8LXD)
|
Batting: RHB Eric Howard
|
0-0: Swinging Strike 0-1: Ball 1-1: Ball 2-1: Fly out, F4 (Line Drive, 4)
|
Batting: RHB Fred Meyer
|
0-0: Fly out, F6 (Popup, 6MS)
|
Batting: LHB Rob Wilson
|
0-0: Fly out, F6 (Line Drive, 6)
|
Bottom of the 7th over - 0 run(s), 1 hit(s), 0 error(s), 1 left on base; Westwood 0 - Lancaster 3 |
TOP OF THE 8TH |
Westwood Sixshooters batting - Pitching for Lancaster Farmers : LHP Will Clark
|
Batting: RHB Richard Hicks
|
0-0: Ball 1-0: Ball 2-0: SOLO HOME RUN (Flyball, 8LXD), Distance : 450 ft
|
Batting: RHB Floyd Banks
|
0-0: Called Strike 0-1: Ball 1-1: Fly out, F9 (Flyball, 89M)
|
Batting: RHB Manuel Becerra
|
0-0: Ball 1-0: Fly out, F9 (Flyball, 9LM)
|
Batting: SHB Tim Moss
|
0-0: Foul Ball, location: 2F 0-1: Ground out 5-3 (Groundball, 5S)
|
Top of the 8th over - 1 run(s), 1 hit(s), 0 error(s), 0 left on base; Westwood 1 - Lancaster 3 |
BOTTOM OF THE 8TH |
Lancaster Farmers batting - Pitching for Westwood Sixshooters : RHP John Tanner
|
Batting: RHB Chuck Wolf
|
0-0: Ball 1-0: Ball 2-0: Swinging Strike 2-1: Swinging Strike 2-2: Strikes out swinging
|
Batting: RHB Jim Unknown
|
0-0: Called Strike 0-1: Ball 1-1: Called Strike 1-2: Ball 2-2: Strikes out swinging
|
Batting: RHB Alan Potts
|
0-0: Fly out, F8 (Flyball, 8RS)
|
Bottom of the 8th over - 0 run(s), 0 hit(s), 0 error(s), 0 left on base; Westwood 1 - Lancaster 3 |
TOP OF THE 9TH |
Westwood Sixshooters batting - Pitching for Lancaster Farmers : LHP Will Clark
|
Pitching: RHP Rafael Rodríguez
|
|
Batting: RHB Wes Shannon
|
0-0: Called Strike 0-1: Ball 1-1: Ball 2-1: Swinging Strike 2-2: Foul Ball, location: 2F 2-2: Foul Ball, location: 2F 2-2: Ball 3-2: Ground out 5-3 (Groundball, 5)
|
Batting: RHB Ronnie Cleveland
|
0-0: Ball 1-0: Foul Ball, location: 2F 1-1: Ground out 6-3 (Groundball, 6)
|
Batting: LHB Brian Boone
|
0-0: Ball 1-0: Fly out, F6 (Line Drive, 6)
|
Top of the 9th over - 0 run(s), 0 hit(s), 0 error(s), 0 left on base; Westwood 1 - Lancaster 3 |
|